PAAA
THOMASVILLE LOOKOUTS @ BAKERSFIELD NOBLES
08/14/2019
 
TOP OF THE 1ST
Thomasville Lookouts batting - Pitching for Bakersfield Nobles : RHP Jason McKinney
Pitching: RHP Jason McKinney
Batting: LHB Jim Unknown 0-0: Ball
1-0: DOUBLE (Groundball, 3L)
Batting: RHB Jim Unknown 0-0: Ball
1-0: Ball
2-0: Called Strike
2-1: Foul Ball, location: 2F
2-2: Ball
3-2: Base on Balls
Batting: RHB Keith Best 0-0: Foul Ball, location: 2F
0-1: Reaches on Catchers interference
Jim Unknown to third
Jim Unknown to second
Batting: RHB Jim Unknown 0-0: Foul Ball, location: 2F
0-1: Ball
Balk!
Jim Unknown scores
Jim Unknown to third
Keith Best to second
1-1: SINGLE (Flyball, 8RS)
Jim Unknown scores
Keith Best to third
Batting: RHB Jim Unknown 0-0: Ball
1-0: Ball
2-0: Called Strike
2-1: Foul Ball, location: 2F
2-2: Ball
3-2: Foul Ball, location: 2F
3-2: Strikes out swinging
Batting: RHB Jim Unknown 0-0: Foul Ball, location: 2F
0-1: Fly out, F7 (Line Drive, 7M)
Batting: RHB Jim Unknown 0-0: Ball
1-0: Ball
2-0: SINGLE (Groundball, 56)
Keith Best scores
Jim Unknown to second
Batting: RHB Jim Unknown 0-0: Ball
1-0: Fly out, F7 (Line Drive, 78S)
Top of the 1st over - 3 run(s), 3 hit(s), 1 error(s), 2 left on base; Thomasville 3 - Bakersfield 0
BOTTOM OF THE 1ST
Bakersfield Nobles batting - Pitching for Thomasville Lookouts : RHP Jim Unknown
Pitching: RHP Jim Unknown
Batting: RHB Bill Sackett 0-0: Ball
1-0: Swinging Strike
1-1: Swinging Strike
1-2: Fly out, F7 (Flyball, 78S)
Batting: RHB Bill Wilhelm 0-0: Ball
1-0: Called Strike
1-1: Foul Ball, location: 2F
1-2: Fly out, F7 (Flyball, 7S)
Batting: RHB Jorge Gonzáles 0-0: Ball
1-0: Ball
2-0: Swinging Strike
2-1: Foul Ball, location: 2F
2-2: Ball
3-2: Foul Ball, location: 2F
3-2: Strikes out swinging
Bottom of the 1st over - 0 run(s), 0 hit(s), 0 error(s), 0 left on base; Thomasville 3 - Bakersfield 0
TOP OF THE 2ND
Thomasville Lookouts batting - Pitching for Bakersfield Nobles : RHP Jason McKinney
Batting: RHB Jim Unknown 0-0: Ball
1-0: Ball
2-0: Swinging Strike
2-1: SOLO HOME RUN (Flyball, 7D), Distance : 381 ft
Batting: LHB Jim Unknown 0-0: Ball
1-0: Foul Ball, location: 2F
1-1: Ball
2-1: Ball
3-1: Base on Balls
Batting: RHB Jim Unknown 0-0: Called Strike
0-1: Ball
1-1: Foul Ball, location: 2F
1-2: Foul Ball, location: 2F
1-2: Ball
2-2: Ball
3-2: Strikes out swinging
Jim Unknown steals 2nd base
Batter strikes out.
Batting: RHB Keith Best 0-0: Ball
1-0: Ball
2-0: 2-RUN HOME RUN (Flyball, 89XD), Distance : 407 ft
Pitching: RHP Jeff Sloan
Batting: RHB Jim Unknown 0-0: Ground out 6-3 (Groundball, 6)
Batting: RHB Jim Unknown 0-0: Ball
1-0: Ball
2-0: Called Strike
2-1: Foul Ball, location: 2F
2-2: Strikes out swinging
Top of the 2nd over - 3 run(s), 2 hit(s), 0 error(s), 0 left on base; Thomasville 6 - Bakersfield 0
BOTTOM OF THE 2ND
Bakersfield Nobles batting - Pitching for Thomasville Lookouts : RHP Jim Unknown
Batting: RHB Kyle Bridges 0-0: Ground out 6-3 (Groundball, 6M)
Batting: LHB Emery Miller 0-0: Ball
1-0: Ball
2-0: Foul Ball, location: 2F
2-1: Ball
3-1: Base on Balls
Batting: RHB Scotty Anderson 0-0: Called Strike
0-1: Ball
1-1: SINGLE (Groundball, 56D)
Emery Miller to second
Batting: RHB Takaaki Kobayashi 0-0: Called Strike
0-1: Ball
1-1: Ball
2-1: Called Strike
2-2: Strikes out swinging
Batting: RHB Miguel Márquez 0-0: Ball
1-0: Ball
2-0: Foul Ball, location: 2F
2-1: Ball
3-1: Fly out, F8 (Flyball, 78M)
Bottom of the 2nd over - 0 run(s), 1 hit(s), 0 error(s), 2 left on base; Thomasville 6 - Bakersfield 0
TOP OF THE 3RD
Thomasville Lookouts batting - Pitching for Bakersfield Nobles : RHP Jeff Sloan
Batting: RHB Jim Unknown 0-0: Ball
1-0: Called Strike
1-1: Ball
2-1: Ball
3-1: Foul Ball, location: 2F
3-2: Strikes out swinging
Batting: RHB Jim Unknown 0-0: Ball
1-0: Ball
2-0: Ball
3-0: Called Strike
3-1: Base on Balls
Batting: RHB Jim Unknown 0-0: Called Strike
0-1: Ball
1-1: Ball
2-1: Ball
3-1: Base on Balls
Jim Unknown to second
Batting: RHB Jim Unknown 0-0: Called Strike
0-1: Foul Ball, location: 2F
0-2: Ball
1-2: 3-RUN HOME RUN (Line Drive, 78XD), Distance : 430 ft
Pitching: RHP Enrique Magana
Batting: LHB Jim Unknown 0-0: Foul Ball, location: 2F
0-1: Ground out 4-3 (Groundball, 34)
Batting: RHB Jim Unknown 0-0: Ball
1-0: Ball
2-0: Called Strike
2-1: Foul Ball, location: 2F
2-2: Ground out 6-3 (Groundball, 6)
Top of the 3rd over - 3 run(s), 1 hit(s), 0 error(s), 0 left on base; Thomasville 9 - Bakersfield 0
BOTTOM OF THE 3RD
Bakersfield Nobles batting - Pitching for Thomasville Lookouts : RHP Jim Unknown
Batting: RHB Ron Gérard 0-0: Ball
1-0: Fly out, F8 (Line Drive, 8RS)
Batting: RHB Bill Sackett 0-0: Swinging Strike
0-1: Ball
1-1: Foul Ball, location: 2F
1-2: Ball
2-2: Foul Ball, location: 2F
2-2: Ball
3-2: Fly out, F9 (Line Drive, 9M)
Batting: RHB Bill Wilhelm 0-0: SINGLE (Line Drive, 7LM)
Batting: RHB Jorge Gonzáles 0-0: Called Strike
0-1: Ball
1-1: Ball
2-1: Called Strike
2-2: Foul Ball, location: 2F
2-2: Strikes out swinging
Bottom of the 3rd over - 0 run(s), 1 hit(s), 0 error(s), 1 left on base; Thomasville 9 - Bakersfield 0
TOP OF THE 4TH
Thomasville Lookouts batting - Pitching for Bakersfield Nobles : RHP Enrique Magana
Batting: RHB Keith Best 0-0: Called Strike
0-1: SOLO HOME RUN (Flyball, 7LD), Distance : 362 ft
Batting: RHB Jim Unknown 0-0: Ball
1-0: Foul Ball, location: 2F
1-1: Called Strike
1-2: Strikes out looking
Batting: RHB Jim Unknown 0-0: Ground out 4-3 (Groundball, 4M)
Batting: RHB Jim Unknown 0-0: Ball
1-0: Foul Ball, location: 2F
1-1: Ball
2-1: Foul Ball, location: 2F
2-2: Fly out, F9 (Line Drive, 9S)
Top of the 4th over - 1 run(s), 1 hit(s), 0 error(s), 0 left on base; Thomasville 10 - Bakersfield 0
BOTTOM OF THE 4TH
Bakersfield Nobles batting - Pitching for Thomasville Lookouts : RHP Jim Unknown
Batting: RHB Kyle Bridges 0-0: Ball
1-0: Foul Ball, location: 2F
1-1: SOLO HOME RUN (Line Drive, 78XD), Distance : 405 ft
Batting: LHB Emery Miller 0-0: Foul Ball, location: 2F
0-1: Foul Ball, location: 2F
0-2: SINGLE (Flyball, 8LS)
Batting: RHB Scotty Anderson 0-0: Ball
1-0: Swinging Strike
1-1: Grounds into double play, 4-6-3 (Groundball, 4)
Batting: RHB Takaaki Kobayashi 0-0: Called Strike
0-1: Ground out U3 (Groundball, 3L)
Bottom of the 4th over - 1 run(s), 2 hit(s), 0 error(s), 0 left on base; Thomasville 10 - Bakersfield 1
TOP OF THE 5TH
Thomasville Lookouts batting - Pitching for Bakersfield Nobles : RHP Enrique Magana
Batting: RHB Jim Unknown 0-0: Ball
1-0: Swinging Strike
1-1: Called Strike
1-2: Foul Ball, location: 2F
1-2: Strikes out swinging
Batting: RHB Jim Unknown 0-0: Called Strike
0-1: Ball
1-1: DOUBLE (Line Drive, 9LM)
Batting: RHB Jim Unknown 0-0: Called Strike
0-1: Foul Ball, location: 2F
0-2: Ball
1-2: Foul Ball, location: 2F
1-2: Ball
2-2: Foul Ball, location: 2F
2-2: Ball
3-2: Base on Balls
Pitching: RHP Robert Thomas
Batting: LHB Jim Unknown 0-0: Ball
1-0: Called Strike
1-1: Ball
2-1: Fielders Choice at 2nd, 1-4 (Groundball, 13S)
Jim Unknown to third
Batting: RHB Jim Unknown 0-0: Ground out 6-3 (Groundball, 6)
Top of the 5th over - 0 run(s), 1 hit(s), 0 error(s), 2 left on base; Thomasville 10 - Bakersfield 1
BOTTOM OF THE 5TH
Bakersfield Nobles batting - Pitching for Thomasville Lookouts : RHP Jim Unknown
Batting: RHB Miguel Márquez 0-0: Foul Ball, location: 2F
0-1: Foul Ball, location: 2F
0-2: Strikes out swinging
Batting: RHB Ron Gérard 0-0: Called Strike
0-1: Ball
1-1: Ball
2-1: Called Strike
2-2: Foul Ball, location: 2F
2-2: Ball
3-2: Base on Balls
Batting: RHB Bill Sackett 0-0: Ball
1-0: Called Strike
1-1: Ball
2-1: Ball
3-1: Base on Balls
Ron Gérard to second
Batting: RHB Bill Wilhelm 0-0: Ball
1-0: Foul Ball, location: 2F
1-1: Foul Ball, location: 2F
1-2: Ball
2-2: Strikes out looking
Batting: RHB Jorge Gonzáles 0-0: Fly out, F7 (Flyball, 7M)
Bottom of the 5th over - 0 run(s), 0 hit(s), 0 error(s), 2 left on base; Thomasville 10 - Bakersfield 1
TOP OF THE 6TH
Thomasville Lookouts batting - Pitching for Bakersfield Nobles : RHP Robert Thomas
Batting: RHB Keith Best 0-0: Ball
1-0: Ball
2-0: Ball
3-0: Base on Balls
Batting: RHB Jim Unknown 0-0: Ball
1-0: Foul Ball, location: 2F
1-1: SINGLE (Groundball, 4MD)
Keith Best to second
Batting: RHB Jim Unknown 0-0: Ball
1-0: Ball
2-0: Called Strike
2-1: Swinging Strike
2-2: Foul Ball, location: 2F
2-2: Ball
3-2: Strikes out looking
Batting: RHB Jim Unknown 0-0: Foul Ball, location: 2F
0-1: Fly out, F9 (Flyball, 9LS)
Batting: RHB Jim Unknown 0-0: Ball
1-0: Fly out, F8 (Flyball, 8RXD)
Top of the 6th over - 0 run(s), 1 hit(s), 0 error(s), 2 left on base; Thomasville 10 - Bakersfield 1
BOTTOM OF THE 6TH
Bakersfield Nobles batting - Pitching for Thomasville Lookouts : RHP Jim Unknown
Batting: RHB Kyle Bridges 0-0: Fly out, F9 (Flyball, 89S)
Batting: LHB Emery Miller 0-0: Hit by Pitch
Batting: RHB Scotty Anderson 0-0: Ball
1-0: Called Strike
1-1: Called Strike
Emery Miller steals 2nd base
1-2: Ground out 6-3 (Groundball, 6M)
Emery Miller to third
Batting: RHB Takaaki Kobayashi 0-0: Ball
1-0: Ball
2-0: Fly out, F8 (Line Drive, 8RM)
Bottom of the 6th over - 0 run(s), 0 hit(s), 0 error(s), 1 left on base; Thomasville 10 - Bakersfield 1
TOP OF THE 7TH
Thomasville Lookouts batting - Pitching for Bakersfield Nobles : RHP Robert Thomas
Batting: RHB Jim Unknown 0-0: Swinging Strike
0-1: Ball
1-1: Ball
2-1: SINGLE (Groundball, 6MD)
Batting: RHB Jim Unknown 0-0: Ball
1-0: Ball
2-0: Ball
3-0: Foul Ball, location: 2F
3-1: Base on Balls
Jim Unknown to second
Pitching: RHP Stewart Walker
Batting: LHB Jim Unknown 0-0: Ball
1-0: Fly out, F6 (Popup, 5L)
Batting: RHB Jim Unknown 0-0: Ball
1-0: Fly out, F8 (Flyball, 8LXD)
Runner from 2nd tags up, SAFE at 3rd, no throw
Batting: RHB Keith Best 0-0: DOUBLE (Line Drive, 7LS)
Jim Unknown scores
Jim Unknown to third
Batting: RHB Jim Unknown 0-0: Called Strike
0-1: Ball
1-1: Ball
2-1: Foul Ball, location: 2F
2-2: Foul Ball, location: 2F
2-2: Hit by Pitch
Batting: RHB Jim Unknown 0-0: Ball
1-0: SINGLE (Line Drive, 89M)
Jim Unknown scores
Keith Best to third
Jim Unknown to second
Batting: RHB Jim Unknown 0-0: Foul Ball, location: 2F
0-1: Swinging Strike
0-2: Ball
1-2: Foul Ball, location: 2F
1-2: Fly out, F9 (Flyball, 89M)
Top of the 7th over - 2 run(s), 3 hit(s), 0 error(s), 3 left on base; Thomasville 12 - Bakersfield 1
BOTTOM OF THE 7TH
Bakersfield Nobles batting - Pitching for Thomasville Lookouts : RHP Jim Unknown
Batting: RHB Miguel Márquez 0-0: Called Strike
0-1: Fly out, F8 (Line Drive, 8RS)
Batting: RHB Ron Gérard 0-0: Ball
1-0: Ball
2-0: Foul Ball, location: 2F
2-1: Ground out U3 (Groundball, 3L)
Batting: RHB Bill Sackett 0-0: Ball
1-0: Fly out, F8 (Popup, 8LS)
Bottom of the 7th over - 0 run(s), 0 hit(s), 0 error(s), 0 left on base; Thomasville 12 - Bakersfield 1
TOP OF THE 8TH
Thomasville Lookouts batting - Pitching for Bakersfield Nobles : RHP Stewart Walker
Batting: RHB Jim Unknown 0-0: Foul Ball, location: 2F
0-1: DOUBLE (Groundball, 5L)
Batting: RHB Jim Unknown 0-0: Foul Ball, location: 2F
0-1: Foul Ball, location: 2F
0-2: Ball
1-2: Strikes out swinging
Batting: RHB Jim Unknown 0-0: Swinging Strike
0-1: Called Strike
0-2: Ball
1-2: Strikes out looking
Batting: LHB Jim Unknown 0-0: Called Strike
0-1: Called Strike
0-2: Foul Ball, location: 2F
0-2: Strikes out swinging
Top of the 8th over - 0 run(s), 1 hit(s), 0 error(s), 1 left on base; Thomasville 12 - Bakersfield 1
BOTTOM OF THE 8TH
Bakersfield Nobles batting - Pitching for Thomasville Lookouts : RHP Jim Unknown
Batting: RHB Bill Wilhelm 0-0: Ground out 5-3 (Groundball, 15S)
Batting: RHB Jorge Gonzáles 0-0: Swinging Strike
0-1: Ball
1-1: Foul Ball, location: 2F
1-2: Foul Ball, location: 2F
1-2: Ball
2-2: Strikes out swinging
Pinch Hitting: RHB Jim Unknown 0-0: Ball
1-0: Ball
2-0: Ball
3-0: Called Strike
3-1: Foul Ball, location: 2F
3-2: Base on Balls
Batting: LHB Emery Miller 0-0: Called Strike
0-1: Ball
1-1: Swinging Strike
1-2: Strikes out swinging
Bottom of the 8th over - 0 run(s), 0 hit(s), 0 error(s), 1 left on base; Thomasville 12 - Bakersfield 1
TOP OF THE 9TH
Thomasville Lookouts batting - Pitching for Bakersfield Nobles : RHP Stewart Walker
Now at 1B: Jim Unknown
Pinch Hitting: RHB Jim Unknown 0-0: Called Strike
0-1: Ball
1-1: Called Strike
1-2: DOUBLE (Line Drive, 5D)
Batting: RHB Keith Best 0-0: Ball
1-0: Swinging Strike
1-1: Swinging Strike
1-2: Ball
2-2: Ball
3-2: Foul Ball, location: 2F
3-2: Foul Ball, location: 2F
3-2: Base on Balls
Batting: RHB Jim Unknown 0-0: Called Strike
0-1: Called Strike
0-2: Strikes out looking
Pitching: RHP Rob Hanson
Batting: RHB Jim Unknown 0-0: Ball
1-0: Called Strike
1-1: Swinging Strike
1-2: Foul Ball, location: 2F
1-2: Ball
2-2: Strikes out swinging
Batting: RHB Jim Unknown 0-0: Called Strike
0-1: Ball
1-1: Swinging Strike
1-2: Fly out, F6 (Line Drive, 6)
Top of the 9th over - 0 run(s), 1 hit(s), 0 error(s), 2 left on base; Thomasville 12 - Bakersfield 1
BOTTOM OF THE 9TH
Bakersfield Nobles batting - Pitching for Thomasville Lookouts : RHP Jim Unknown
Pitching: RHP Jim Unknown
Now at C: Jim Unknown
Pinch Hitting: RHB Ken Fulton 0-0: Ball
1-0: Ball
2-0: Foul Ball, location: 2F
2-1: Foul Ball, location: 2F
2-2: Ball
3-2: Foul Ball, location: 2F
3-2: Base on Balls
Batting: RHB Takaaki Kobayashi 0-0: Called Strike
0-1: Ball
1-1: Ball
2-1: SINGLE (Flyball, 9LM)
Ken Fulton to second
Batting: RHB Miguel Márquez 0-0: Swinging Strike
0-1: Ball
1-1: Swinging Strike
1-2: Ball
2-2: Foul Ball, location: 2F
2-2: Foul Ball, location: 2F
2-2: Ball
3-2: Base on Balls
Ken Fulton to third
Takaaki Kobayashi to second
Batting: RHB Ron Gérard 0-0: Called Strike
0-1: Ball
1-1: SINGLE (Line Drive, 8RS)
Ken Fulton scores
Takaaki Kobayashi to third
Miguel Márquez to second
Batting: RHB Bill Sackett 0-0: Called Strike
0-1: Ball
1-1: Called Strike
1-2: Ball
2-2: Fly out, F4 (Popup, 34)
Batting: RHB Bill Wilhelm 0-0: Swinging Strike
0-1: Fly out, F9 (Flyball, 9M)
Runner from 3rd tags up, SCORES, throw made
Batting: RHB Jorge Gonzáles 0-0: Ground out 3-1 (Groundball, 34)
Bottom of the 9th over - 2 run(s), 2 hit(s), 0 error(s), 2 left on base; Thomasville 12 - Bakersfield 3
This league is powered by Out of the Park Baseball, the baseball management simulation game for PC, Mac and Linux
Saturday, July 25th, 2015 - OOTP Baseball 15.6 Build 34